3AAA
HOUSTON BC @ HIALEAH DODOS
08/11/2033
 
TOP OF THE 1ST
Houston BC batting - Pitching for Hialeah Dodos : RHP Woo-suk Cho
Pitching: RHP Woo-suk Cho
Batting: SHB Rodolphe Nairn 0-0: Ball
1-0: Ball
2-0: Ball
3-0: Called Strike
3-1: Base on Balls
Batting: RHB Orlando Montejo 0-0: Called Strike
0-1: Fly out, F6 (Line Drive, 56)
Batting: RHB Abraham Phelps 0-0: Ball
1-0: Fly out, F8 (Line Drive, 8RD)
Batting: RHB Robby Arnold 0-0: Ball
1-0: Called Strike
1-1: Ground out 4-3 (Groundball, 4)
Top of the 1st over - 0 runs, 0 hits, 0 errors, 1 left on base; Houston 0 - Hialeah 0
BOTTOM OF THE 1ST
Hialeah Dodos batting - Pitching for Houston BC : LHP Roosevelt Tuttle
Pitching: LHP Roosevelt Tuttle
Batting: RHB Stan Pagnotta 0-0: Called Strike
0-1: Ball
1-1: Ground out 6-3 (Groundball, 6)
Batting: RHB Júlio Becerra 0-0: Foul Ball, location: 2F
0-1: Foul Ball, location: 2F
0-2: Strikes out swinging
Batting: LHB Atílio Mansilhas 0-0: Foul Ball, location: 2F
0-1: Foul Ball, location: 2F
0-2: Ground out 5-3 (Groundball, 56)
Bottom of the 1st over - 0 runs, 0 hits, 0 errors, 0 left on base; Houston 0 - Hialeah 0
TOP OF THE 2ND
Houston BC batting - Pitching for Hialeah Dodos : RHP Woo-suk Cho
Batting: RHB Kenneth Noid 0-0: Called Strike
0-1: Ground out 6-3 (Groundball, 6)
Batting: RHB Ken Gardner 0-0: Ball
1-0: Swinging Strike
1-1: Foul Ball, location: 2F
1-2: Ground out 4-3 (Groundball, 4)
Batting: RHB Noël Sassetti 0-0: Called Strike
0-1: Called Strike
0-2: Strikes out swinging
Top of the 2nd over - 0 runs, 0 hits, 0 errors, 0 left on base; Houston 0 - Hialeah 0
BOTTOM OF THE 2ND
Hialeah Dodos batting - Pitching for Houston BC : LHP Roosevelt Tuttle
Batting: RHB Andrew Crosby 0-0: Ball
1-0: Swinging Strike
1-1: Swinging Strike
1-2: Strikes out swinging
Batting: SHB Javier Gonzáles 0-0: SOLO HOME RUN (Flyball, 89XD), Distance : 414 ft
Batting: RHB Jack Head 0-0: DOUBLE (Line Drive, 78XD)
Batting: RHB James Hill 0-0: Ball
1-0: Ball
2-0: Reached on error, E6 (Groundball, 6S)
Jack Head to third
Batting: RHB Robert Emmet Odlum 0-0: Ball
1-0: Ball
2-0: Fielders Choice at 2nd, 5-4 (Groundball, 5L)
Jack Head scores
Batting: LHB Perry Bothof 0-0: Ball
Robert Emmet Odlum is caught stealing 2nd base
Bottom of the 2nd over - 2 runs, 2 hits, 1 error, 0 left on base; Houston 0 - Hialeah 2
TOP OF THE 3RD
Houston BC batting - Pitching for Hialeah Dodos : RHP Woo-suk Cho
Batting: RHB Dennis Morrow 0-0: Ball
1-0: Ball
2-0: Ball
3-0: Called Strike
3-1: Swinging Strike
3-2: Foul Ball, location: 2F
3-2: SOLO HOME RUN (Flyball, 7LD), Distance : 357 ft
Batting: RHB Rafael López 0-0: Swinging Strike
0-1: Ball
1-1: Swinging Strike
1-2: Ball
2-2: Fly out, F7 (Flyball, 7LS)
Batting: SHB Rodolphe Nairn 0-0: Called Strike
0-1: Ground out U3 (Groundball, 3)
Batting: RHB Orlando Montejo 0-0: Called Strike
0-1: Ball
1-1: Foul Ball, location: 2F
1-2: SINGLE (Flyball, 9S)
Batting: RHB Abraham Phelps 0-0: Ball
1-0: Called Strike
1-1: Ball
2-1: Foul Ball, location: 2F
2-2: Ball
3-2: Strikes out swinging
Top of the 3rd over - 1 run, 2 hits, 0 errors, 1 left on base; Houston 1 - Hialeah 2
BOTTOM OF THE 3RD
Hialeah Dodos batting - Pitching for Houston BC : LHP Roosevelt Tuttle
Batting: LHB Perry Bothof 0-0: Ball
1-0: Foul Ball, location: 2F
1-1: Foul Ball, location: 2F
1-2: Strikes out swinging
Batting: RHB Stan Pagnotta 0-0: Ball
1-0: Called Strike
1-1: Swinging Strike
1-2: Ball
2-2: Ball
3-2: Ground out 6-3 (Groundball, 6)
Batting: RHB Júlio Becerra 0-0: Called Strike
0-1: SINGLE (Groundball, 56S) (infield hit)
Batting: LHB Atílio Mansilhas 0-0: Ball
1-0: Ball
2-0: Called Strike
2-1: Ground out 6-3 (Groundball, 6M)
Bottom of the 3rd over - 0 runs, 1 hit, 0 errors, 1 left on base; Houston 1 - Hialeah 2
TOP OF THE 4TH
Houston BC batting - Pitching for Hialeah Dodos : RHP Woo-suk Cho
Batting: RHB Robby Arnold 0-0: Fly out, F5 (Popup, 25F)
Batting: RHB Kenneth Noid 0-0: Ball
1-0: Ball
2-0: Called Strike
2-1: Ball
3-1: Foul Ball, location: 2F
3-2: Base on Balls
Batting: RHB Ken Gardner 0-0: Swinging Strike
0-1: Swinging Strike
0-2: SINGLE (Flyball, 89M)
Kenneth Noid to second
Kenneth Noid to third
Batting: RHB Noël Sassetti 0-0: Swinging Strike
0-1: Ball
Pickoff Throw to First - Out!
1-1: Ball
2-1: Foul Ball, location: 2F
2-2: Foul Ball, location: 2F
2-2: Hit by Pitch
Batting: RHB Dennis Morrow 0-0: Foul Ball, location: 2F
0-1: Ball
Balk!
Kenneth Noid scores
Noël Sassetti to second
1-1: Ground out U3 (Groundball, 34)
Top of the 4th over - 1 run, 1 hit, 0 errors, 1 left on base; Houston 2 - Hialeah 2
BOTTOM OF THE 4TH
Hialeah Dodos batting - Pitching for Houston BC : LHP Roosevelt Tuttle
Batting: RHB Andrew Crosby 0-0: Fly out, F8 (Flyball, 8LD)
Batting: SHB Javier Gonzáles 0-0: Foul Ball, location: 2F
0-1: Ball
1-1: Swinging Strike
1-2: Fly out, F8 (Flyball, 8RS)
Batting: RHB Jack Head 0-0: Foul Ball, location: 2F
0-1: Ball
1-1: Foul Ball, location: 2F
1-2: Ball
2-2: Foul Ball, location: 2F
2-2: Ball
3-2: Fly out, F7 (Line Drive, 7S)
Bottom of the 4th over - 0 runs, 0 hits, 0 errors, 0 left on base; Houston 2 - Hialeah 2
TOP OF THE 5TH
Houston BC batting - Pitching for Hialeah Dodos : RHP Woo-suk Cho
Batting: RHB Rafael López 0-0: SINGLE (Groundball, 4MD)
Batting: SHB Rodolphe Nairn 0-0: Called Strike
0-1: Ball
1-1: Bunt missed!
1-2: Ball
2-2: Foul Ball, location: 2F
2-2: Foul Ball, location: 2F
2-2: Fielders Choice at 2nd, 4-6 (Groundball, 4)
Batting: RHB Orlando Montejo 0-0: Called Strike
0-1: Ball
1-1: Ball
2-1: Called Strike
2-2: Grounds into double play, 5-4-3 (Groundball, 5)
Top of the 5th over - 0 runs, 1 hit, 0 errors, 0 left on base; Houston 2 - Hialeah 2
BOTTOM OF THE 5TH
Hialeah Dodos batting - Pitching for Houston BC : LHP Roosevelt Tuttle
Batting: RHB James Hill 0-0: Foul Ball, location: 2F
0-1: Ball
1-1: Called Strike
1-2: Strikes out looking
Batting: RHB Robert Emmet Odlum 0-0: Ball
1-0: Swinging Strike
1-1: Called Strike
1-2: Ball
2-2: Ball
3-2: Base on Balls
Batting: LHB Perry Bothof 0-0: Ball
1-0: Called Strike
1-1: Ball
2-1: Ball
3-1: Base on Balls
Robert Emmet Odlum to second
Batting: RHB Stan Pagnotta 0-0: Called Strike
0-1: SINGLE (Line Drive, 89S)
Robert Emmet Odlum to third
Perry Bothof to second
Runner from 3rd tries for Home, SAFE, no throw
Batting: RHB Júlio Becerra 0-0: Swinging Strike
0-1: SINGLE (Flyball, 78S)
Perry Bothof to third
Stan Pagnotta to second
Batting: LHB Atílio Mansilhas 0-0: Ball
1-0: Fly out, F7 (Flyball, 7LS)
Runner from 3rd tags up, SCORES, no throw
Batting: RHB Andrew Crosby 0-0: Called Strike
0-1: Ball
1-1: Ball
2-1: Foul Ball, location: 2F
2-2: Foul Ball, location: 2F
2-2: Foul Ball, location: 2F
2-2: DOUBLE (Flyball, 78XD)
Stan Pagnotta scores
Júlio Becerra to third
Runner from 3rd tries for Home, SAFE, no throw
Batting: SHB Javier Gonzáles 0-0: Ball
1-0: Called Strike
1-1: Ball
2-1: Foul Ball, location: 2F
2-2: Foul Ball, location: 2F
2-2: Fly out, F8 (Flyball, 8RD)
Bottom of the 5th over - 4 runs, 3 hits, 0 errors, 1 left on base; Houston 2 - Hialeah 6
TOP OF THE 6TH
Houston BC batting - Pitching for Hialeah Dodos : RHP Woo-suk Cho
Batting: RHB Abraham Phelps 0-0: Called Strike
0-1: Swinging Strike
0-2: Ground out U3 (Groundball, 3L)
Batting: RHB Robby Arnold 0-0: Called Strike
0-1: Foul Ball, location: 2F
0-2: SINGLE (Groundball, 4D)
Batting: RHB Kenneth Noid 0-0: Ball
1-0: Fielders Choice at 2nd, 6-4 (Groundball, 6M)
Batting: RHB Ken Gardner 0-0: Ball
1-0: Swinging Strike
1-1: Ball
2-1: Ball
3-1: Ground out 3-1 (Groundball, 3)
Top of the 6th over - 0 runs, 1 hit, 0 errors, 1 left on base; Houston 2 - Hialeah 6
BOTTOM OF THE 6TH
Hialeah Dodos batting - Pitching for Houston BC : LHP Roosevelt Tuttle
Batting: RHB Jack Head 0-0: SINGLE (Groundball, 6D)
Batting: RHB James Hill 0-0: Bunted foul
0-1: Sac Bunt - play at first, batter OUT! U3
Jack Head to second
Batting: RHB Robert Emmet Odlum 0-0: Intentional Walk
Batting: LHB Perry Bothof 0-0: Called Strike
0-1: Foul Ball, location: 2F
0-2: Ball
Wild Pitch!
Jack Head to third
Robert Emmet Odlum to second
1-2: Foul Ball, location: 2F
1-2: Fly out, F8 (Flyball, 89M)
Runner from 3rd tags up, SCORES, throw made
Pitching: RHP Millard Taylor
Batting: RHB Stan Pagnotta 0-0: Hit by Pitch
Batting: RHB Júlio Becerra 0-0: Ball
1-0: Called Strike
1-1: Ball
2-1: Fly out, F8 (Flyball, 8LD)
Bottom of the 6th over - 1 run, 1 hit, 0 errors, 2 left on base; Houston 2 - Hialeah 7
TOP OF THE 7TH
Houston BC batting - Pitching for Hialeah Dodos : RHP Woo-suk Cho
Batting: RHB Noël Sassetti 0-0: Ball
1-0: Ball
2-0: Ball
3-0: Called Strike
3-1: Swinging Strike
3-2: Foul Ball, location: 2F
3-2: Foul Ball, location: 2F
3-2: Ground out 5-3 (Groundball, 5)
Batting: RHB Dennis Morrow 0-0: Called Strike
0-1: Ball
1-1: SINGLE (Groundball, 34D)
Batting: RHB Rafael López 0-0: Called Strike
0-1: Foul Ball, location: 2F
0-2: Fly out, F8 (Flyball, 78D)
Batting: SHB Rodolphe Nairn 0-0: Ball
1-0: Ball
2-0: Called Strike
2-1: Ball
3-1: Called Strike
3-2: Foul Ball, location: 2F
3-2: Strikes out swinging
Top of the 7th over - 0 runs, 1 hit, 0 errors, 1 left on base; Houston 2 - Hialeah 7
BOTTOM OF THE 7TH
Hialeah Dodos batting - Pitching for Houston BC : RHP Millard Taylor
Batting: LHB Atílio Mansilhas 0-0: Ball
1-0: Called Strike
1-1: Ball
2-1: Fly out, F6 (Popup, 6MD)
Batting: RHB Andrew Crosby 0-0: SOLO HOME RUN (Flyball, 7D), Distance : 387 ft
Batting: SHB Javier Gonzáles 0-0: Called Strike
0-1: Foul Ball, location: 2F
0-2: Ball
1-2: Foul Ball, location: 2F
1-2: Ball
2-2: Foul Ball, location: 2F
2-2: Foul Ball, location: 2F
2-2: DOUBLE (Line Drive, 7D)
Batting: RHB Jack Head 0-0: Ball
1-0: Ball
2-0: Ball
3-0: Ground out 4-3 (Groundball, 4MS)
Javier Gonzáles to third
Batting: RHB James Hill 0-0: Ball
1-0: Foul Ball, location: 2F
1-1: Foul Ball, location: 2F
1-2: Strikes out swinging
Bottom of the 7th over - 1 run, 2 hits, 0 errors, 1 left on base; Houston 2 - Hialeah 8
TOP OF THE 8TH
Houston BC batting - Pitching for Hialeah Dodos : RHP Woo-suk Cho
Batting: RHB Orlando Montejo 0-0: Called Strike
0-1: Foul Ball, location: 2F
0-2: Foul Ball, location: 2F
0-2: Fly out, F9 (Flyball, 9)
Batting: RHB Abraham Phelps 0-0: Called Strike
0-1: Ball
1-1: SINGLE (Line Drive, 7LS)
Batting: RHB Robby Arnold 0-0: Called Strike
0-1: Grounds into double play, 3-6-3 (Groundball, 34)
Top of the 8th over - 0 runs, 1 hit, 0 errors, 0 left on base; Houston 2 - Hialeah 8
BOTTOM OF THE 8TH
Hialeah Dodos batting - Pitching for Houston BC : RHP Millard Taylor
Batting: RHB Robert Emmet Odlum 0-0: Ball
1-0: Called Strike
1-1: Ball
2-1: Fly out, F5 (Line Drive, 56)
Batting: LHB Perry Bothof 0-0: Ball
1-0: Swinging Strike
1-1: Swinging Strike
1-2: Ground out 1-3 (Groundball, 15S)
Batting: RHB Stan Pagnotta 0-0: Foul Ball, location: 2F
0-1: Ball
1-1: Ball
2-1: Foul Ball, location: 2F
2-2: Ball
3-2: Fly out, F6 (Popup, 6MS)
Bottom of the 8th over - 0 runs, 0 hits, 0 errors, 0 left on base; Houston 2 - Hialeah 8
TOP OF THE 9TH
Houston BC batting - Pitching for Hialeah Dodos : RHP Woo-suk Cho
Now in RF: Juan Perales
Batting: RHB Kenneth Noid 0-0: Called Strike
0-1: Called Strike
0-2: Strikes out swinging
Batting: RHB Ken Gardner 0-0: Called Strike
0-1: Called Strike
0-2: Ground out 4-3 (Groundball, 4)
Batting: RHB Noël Sassetti 0-0: Foul Ball, location: 2F
0-1: Called Strike
0-2: Ball
1-2: SINGLE (Line Drive, 7S)
Batting: RHB Dennis Morrow 0-0: Called Strike
0-1: Called Strike
0-2: Fly out, F8 (Flyball, 78M)
Top of the 9th over - 0 runs, 1 hit, 0 errors, 1 left on base; Houston 2 - Hialeah 8
Saturday, December 22nd, 2018 - OOTP Baseball 18.8 Build 76